 Dungeon Crawl Stone Soup version 0.29-a0-270-g1586fc07ea (webtiles) character file.

Game seed: 14699100458486675055

164 bearlyready the Bolt Thrower (level 5, -2/29 HPs)
             Began as a Kobold Arcane Marksman on Mar 7, 2022.
             Slain by a hobgoblin (4 damage)
             ... led by Robin
             ... on level 3 of the Dungeon.
             The game lasted 00:05:19 (3851 turns).

bearlyready the Bolt Thrower (KoAM)                 Turns: 3851, Time: 00:05:19

Health: -2/29      AC:  2    Str:  7    XL:     5   Next: 73%
Magic:  6/6        EV: 15    Int: 15    God:
Gold:   58         SH:  0    Dex: 17    Spells: 5/6 levels left

rFire   . . .      SeeInvis .   a - +0 hand crossbow
rCold   . . .      Faith    .   (no shield)
rNeg    . . .      Spirit   .   b - +0 robe
rPois   .          Reflect  .   (no helmet)
rElec   .          Harm     .   (no cloak)
rCorr   .          Rampage  .   (no gloves)
Will    .....                   (no boots)
Stlth   +++.......              f - amulet of the acrobat
HPRegen 0.09/turn               j - ring of wizardry
MPRegen 0.10/turn               (no ring)

@: no status effects
A: small, no large weapons, nightstalker 3
a: no special abilities


You were on level 3 of the Dungeon.
You visited 1 branch of the dungeon, and saw 4 of its levels.

You collected 58 gold pieces.

Inventory:

Hand Weapons
 a - a +0 hand crossbow (weapon)
 h - a +0 dagger
Missiles
 k - 38 stones
 n - 3 boomerangs
Armour
 b - a +0 robe (worn)
Jewellery
 f - an amulet of the acrobat (around neck)
 j - a ring of wizardry (left hand)
Scrolls
 c - 2 scrolls of vulnerability
 d - 5 scrolls of identify
 g - a scroll of noise {unknown}
 i - a scroll of teleportation {unknown}
 l - a scroll of immolation {unknown}
 m - a scroll of holy word {unknown}
Potions
 e - a potion of ambrosia


   Skills:
 - Level 1.1 Fighting
 + Level 6.5 Crossbows
 - Level 2.4 Dodging
 + Level 3.1 Stealth
 - Level 1.1 Spellcasting
 - Level 3.0 Hexes


You had 5 spell levels left.
You knew the following spells:

 Your Spells              Type           Power      Damage    Failure   Level
a - Slow                  Hex            36%        N/A       2%          1

Your spell library contained the following spells:

 Spells                   Type           Power      Damage    Failure   Level
 Inner Flame              Hex/Fire       5%         N/A       16%         3
 Portal Projectile        Hex/Tloc       10%        N/A       16%         3
 Cause Fear               Hex            4%         N/A       26%         4


Dungeon Overview and Level Annotations

Branches:
Dungeon (4/15)
 Temple: D:4-7

Altars:

Annotations:
D:3 Grinder, Robin


Innate Abilities, Weirdness & Mutations

You are small and have problems with some larger weapons.
You are completely attuned to the shadows.


Message History

There is a stone staircase leading up here.
The goblin shouts!
The ball python closely misses you. The ball python grabs you.
You stop ascending the stairs.
The ball python constricts you.
An adder comes into view.
Robin throws the goblin at you! The goblin misses you.
The hobgoblin hits you but does no damage.
The goblin hits you but does no damage. The goblin hits you with a +0 club.
The hobgoblin barely misses you.
You escape the ball python's grasp.
The ball python misses you. x2
The goblin hits you with a +0 club. The goblin barely misses you.
The hobgoblin hits you. The goblin hits you with a +0 club.
The hobgoblin barely misses you.
You climb upwards.
Level annotation: Grinder
There is a stone staircase leading down here.
The goblin attacks as you move away! The goblin barely misses you.
The hobgoblin attacks as you move away! The hobgoblin barely misses you.
The ball python bites you. The ball python misses you.
The hobgoblin completely misses you. The goblin hits you but does no damage.
Robin roars a battlecry!
The goblins go into a battle-frenzy!
Robin misses you. The hobgoblin hits you. The ball python misses you. x2
Robin throws the goblin at you! The goblin hits you with a +0 club.
The goblin attacks as you move away! The goblin completely misses you.
The ball python attacks as you move away!
The ball python completely misses you. The ball python misses you.
There is a stone staircase leading up, spattered with blood here.
The ball python barely misses you. The ball python grabs you.
You stop ascending the stairs.
The ball python constricts you. The goblin hits you with a +0 dagger.
The goblin hits you with a +0 club.
* * * LOW HITPOINT WARNING * * *
You escape the ball python's grasp.
The ball python bites you.
* * * LOW HITPOINT WARNING * * *
The ball python barely misses you. The goblin hits you with a +0 dagger.
* * * LOW HITPOINT WARNING * * *
The hobgoblin hits you.
You die...

........#...^.....
..................
..................
...)..........#####
...)..............#......
......)...........#...o..
..................#......
......###......g..##.....
......# #......g@....#...
......# #.....>gS........
......#####...gg.........
..........+..g...........
###########..............
.........<...............
.........>...............
.........................
................####....


You could see Robin, 2 hobgoblins, 3 goblins and a ball python.

Vanquished Creatures
  2 orc priests
  6 adders
  A dart slug (D:3)
  2 worms (D:2)
  7 orcs
  12 ball pythons
  An endoplasm (D:2)
  2 giant cockroaches (D:2)
  A goblin (D:1)
  3 hobgoblins (D:1)
  A kobold (D:1)
  4 bats
  A frilled lizard (D:1)
  A rat (D:2)
44 creatures vanquished.

Vanquished Creatures (others)
  6 plants (D:1)
6 creatures vanquished.

Grand Total: 50 creatures vanquished

Notes
Turn   | Place    | Note
-------+----------+-------------------------------------------
     0 | D:1      | bearlyready the Kobold Arcane Marksman began the quest for
                  | the Orb.
     0 | D:1      | Reached XP level 1. HP: 12/12 MP: 2/2
   100 | D:1      | Reached skill level 3 in Crossbows
   406 | D:1      | Reached XP level 2. HP: 16/16 MP: 3/3
   629 | D:1      | Reached skill level 4 in Crossbows
   901 | D:2      | Reached XP level 3. HP: 11/20 MP: 1/4
  1351 | D:2      | Reached skill level 5 in Crossbows
  1521 | D:2      | Reached XP level 4. HP: 14/25 MP: 5/5
  2159 | D:3      | Reached skill level 1 in Stealth
  2605 | D:2      | Reached skill level 6 in Crossbows
  2653 | D:3      | Reached XP level 5. HP: 7/29 MP: 6/6
  3821 | D:3      | Noticed Grinder
  3839 | D:4      | Noticed Robin
  3851 | D:3      | Slain by a hobgoblin

Illustrated notes

Levels and vault maps discovered:
D:1:      eino_arrival_cavern_d, layout_loops_ring, minmay_shallow_snake_nest
D:2:      layout_loops_ring
D:3:      gammafunk_wand_slinger, layout_basic,
          mainiacjoe_overflow_tiny_flanked, nicolae_overflow_crystal_walls,
          chequers_ecumenical_altar_simple, uniq_grinder
D:4:      layout_basic, minmay_temple_entry_stoned_glass, uniq_robin

Skill      XL: |  1  2  3  4  5 |
---------------+----------------+-----
Crossbows      | 3 4 5 6 |  6.5
Stealth        | 2 3 |  3.1
Fighting       | |  1.1
Dodging        | |  2.4
Spellcasting   | |  1.1
Hexes          | |  3.0

Action                   |  1- 3 |  4- 6 || total
-------------------------+-------+-------++-------
 Fire: Hand crossbow     |    71 |    87 ||   158
 Cast: Slow              |     2 |     5 ||     7
  Use: Potion            |     1 |       ||     1
       Scroll            |       |     1 ||     1
Armor: Robe              |     6 |     7 ||    13
Dodge: Dodged            |    36 |    75 ||   111

Table legend: (Time is in decaauts)
 A = Elapsed time spent in this place.
 B = Non-inter-level travel time spent in this place.
 C = Inter-level travel time spent in this place.
 D = Time resting spent in this place.
 E = Time spent auto-exploring this place.
 F = Levels seen in this place.
 G = Mean time per level.
                   A        B        C        D        E       F      G
               +--------+--------+--------+--------+--------+-----+--------+
         Total |   3897 |   3756 |    141 |    990 |   2319 |   4 |  974.2 |
       Dungeon |   3897 |   3756 |    141 |    990 |   2319 |   4 |  974.2 |
               +--------+--------+--------+--------+--------+-----+--------+

Top non-repeatable levels by time:
     D:2: 2231 daAuts
     D:1: 1136 daAuts
     D:3: 526 daAuts
     D:4: 2 daAuts
